 Dungeon Crawl Stone Soup version 0.27.0-1-g7a089689b8 (webtiles) character file.

Game seed: 12869475319628687374

35471 RepoMan the Zephyrmancer (level 13, -5/62 HPs)
             Began as a Felid Air Elementalist on Aug 9, 2021.
             Was a High Priest of Sif Muna.
             Killed from afar by Azrael (55 damage)
             ... with damnation
             ... on level 13 of the Dungeon.
             The game lasted 04:54:01 (36684 turns).

RepoMan the Zephyrmancer (Felid Air Elementalist)  Turns: 36684, Time: 04:54:01

Health: -5/62      AC:  3    Str:  6    XL:     13   Next: 47%
Magic:  21/29      EV: 26    Int: 21    God:    Sif Muna [*****.]
Gold:   1351       SH:  0    Dex: 23    Spells: 3/35 levels left
                                        Lives:  0   Deaths: 4

rFire    + . .     SeeInvis +   (weapon unavailable)
rCold    + + .     Faith    .   (shield unavailable)
rNeg     + . .     Spirit   .   (armour unavailable)
rPois    +         Reflect  .   (helmet unavailable)
rElec    .         Harm     .   (cloak unavailable)
rCorr    .         Rampage  .   (gloves unavailable)
Will     +....                  (boots unavailable)
Stlth    +++.......             M - amulet of magic regeneration
HPRegen  0.20/turn              m - ring of Sihew {rPois rC+ rN+ Str+2 Dex+6}
MPRegen  0.46/turn              i - ring of protection from fire

@: very slightly contaminated, invisible, quick
A: very small, claws 1, fangs 3, see invisible, speed 1, shaggy fur 3, stealthy
paws, no weapons or thrown items, no armour, multi-lived, horns 1, robust 1
a: Renounce Religion, Channel Magic, Forget Spell, Divine Exegesis


You were on level 13 of the Dungeon.
You worshipped Sif Muna.
Sif Muna was extremely pleased with you.
You visited 4 branches of the dungeon, and saw 24 of its levels.
You also visited: Ice Cave.

You collected 3356 gold pieces.
You spent 2005 gold pieces at shops.

Inventory:

Jewellery
 a - a +6 ring of strength
 b - an amulet of guardian spirit
 i - a ring of protection from fire (right paw)
 j - a ring of magical power
 m - the ring of Sihew (left paw) {rPois rC+ rN+ Str+2 Dex+6}
   (You acquired it on level 13 of the Dungeon)

   [ring of dexterity]

   Str:       It affects your strength (+2).
   Dex:       It affects your dexterity (+6).
   rC:        It protects you from cold.
   rPois:     It protects you from poison.
   rN:        It protects you from negative energy.
 y - a ring of flight
 C - a ring of resist corrosion
 G - a ring of positive energy
 K - an amulet of reflection
 M - an amulet of magic regeneration (around neck)
Wands
 f - a wand of iceblast (21)
 n - a wand of charming (25)
 r - a wand of flame (3)
 s - a wand of mindburst (40)
 J - a wand of digging (3)
 O - a wand of polymorph (11)
 R - a wand of paralysis (9)
Scrolls
 d - a scroll of vulnerability
 h - a scroll of holy word
 l - 2 scrolls of magic mapping
 o - a scroll of torment
 v - 4 scrolls of immolation
 z - 5 scrolls of teleportation
 A - 4 scrolls of fog
 D - 2 scrolls of amnesia
Potions
 c - 4 potions of curing
 k - a potion of berserk rage
 p - 5 potions of mutation
 q - 5 potions of flight
 t - a potion of might
 u - 4 potions of attraction
Miscellaneous
 e - a condenser vane


   Skills:
 - Level 7.0 Fighting
 - Level 9.6 Dodging
 * Level 5.0 Stealth
 + Level 11.5 Spellcasting
 - Level 12.8 Conjurations
 - Level 2.0 Summonings
 + Level 13.7 Air Magic
 - Level 10.4 Invocations
 - Level 4.5 Evocations


You had 3 spell levels left.
You knew the following spells:

 Your Spells              Type           Power      Damage    Failure   Level
a - Airstrike             Air            31%        N/A       1%          4
d - Static Discharge      Conj/Air       61%        N/A       1%          2
e - Iskenderun's Battles  Conj           60%        2d11      1%          5
f - Freezing Cloud        Conj/Ice/Air   24%        6-21      4%          5
g - Apportation           Tloc           24%        N/A       5%          1
l - Lightning Bolt        Conj/Air       30%        1d47      1%          5
s - Swiftness             Air            63%        N/A       1%          3
v - Poisonous Vapours     Pois/Air       82%        N/A       1%          2
z - Shock                 Conj/Air       100%       1d9       1%          1
L - Summon Lightning Spi  Summ/Air       45%        N/A       2%          4

Your spell library contained the following spells:

 Spells                   Type           Power      Damage    Failure   Level
 Corpse Rot               Necr/Air       N/A        N/A       1%          2
 Stone Arrow              Conj/Erth      78%        3d11      1%          3
 Call Imp                 Summ           20%        N/A       3%          2
 Sting                    Tmut/Pois      48%        1d5       5%          1
 Frozen Ramparts          Ice            24%        1d4       17%         3
 Ozocubu's Armour         Ice            12%        N/A       17%         3
 Conjure Ball Lightning   Conj/Air       30%        3x3d10    3%          6
 Sticky Flame             Conj/Fire      39%        2d6       4%          4
 Silence                  Hex/Air        20%        N/A       9%          5
 Fireball                 Conj/Fire      19%        3d9       11%         5
 Orb of Destruction       Conj           30%        9d11      24%         7
 Bolt of Magma            Conj/Fire/Erth 15%        4d9       26%         5
 Cause Fear               Hex            6%         N/A       50%         4
 Dispel Undead            Necr           12%        3d9       50%         4
 Olgreb's Toxic Radiance  Pois           12%        N/A       50%         4
 Passage of Golubria      Tloc           N/A        N/A       50%         4
 Summon Forest            Summ/Tloc      8%         N/A       71%         5
 Agony                    Necr           12%        N/A       83%         5
 Alistair's Intoxication  Tmut/Pois      8%         N/A       83%         5
 Borgnjor's Vile Clutch   Necr/Erth      6%         N/A       83%         5
 Metabolic Englaciation   Hex/Ice        6%         N/A       83%         5
 Storm Form               Tmut/Air       20%        N/A       95%         7
 Invisibility             Hex            6%         N/A       100%        6
 Simulacrum               Ice/Necr       6%         N/A       100%        6
 Dragon Form              Tmut           6%         N/A       100%        7
 Borgnjor's Revivificati  Necr           6%         N/A       100%        8
 Lehudib's Crystal Spear  Conj/Erth      19%        10d6      100%        8
 Summon Horrible Things   Summ           10%        N/A       100%        8
 Dragon's Call            Summ           10%        N/A       100%        9
 Polar Vortex             Ice            6%         N/A       100%        9
 Shatter                  Erth           6%         3d9*      100%        9


Dungeon Overview and Level Annotations

Branches:
Dungeon (15/15)              Lair (6/6) D:11          Swamp (0/4) Lair:3
 Spider (0/4) Lair:4        Slime (0/5) Lair:6          Orc (2/2) D:9
    Elf (1/3) Orc:2        Vaults (0/5) D:13          IceCv (visited)
 Temple: D:4-7       Depths: D:15

Altars:
Ashenzari
Cheibriados
Fedhas
Makhleb
Okawaru
Ru
Sif Muna
Trog
Xom
The Shining One

Shops:
D:2 [   D:4 :   D:9 ?   D:10 ?   Orc:1 *   Orc:2 [[(*

Annotations:
D:13 Azrael
D:15 Nessos
Lair:4 exclusion: downstairs
Lair:5 Kirke


Innate Abilities, Weirdness & Mutations

You have sharp claws.
You have razor-sharp teeth.
You have supernaturally acute eyesight. (SInv)
You cover ground quickly. (Speed+)
Your thick and shaggy fur keeps you warm. (AC +3, rC+)
Your paws help you pounce on unaware monsters.
You are incapable of wielding weapons or throwing items.
You cannot wear armour.
You gain extra lives every three experience levels.
You have a pair of small horns on your head.
You are robust. (+10% HP)


Message History

There is a stone staircase leading up here.
Your magical contamination has completely faded away.
There is an open door here.
There is an open door here.
There is an open door here.
There is an open door here.
You open the door.
There is an open door here.
There is a stone staircase leading down here.
You climb downwards.
Level annotation: Azrael
There is a stone staircase leading up here.
Okay, then.
Things that are here:
15 arrows; a +0 shortbow
Okay, then.
Unknown command.
Okay, then.
Okay, then.
Things that are here:
a +0 chain mail; a +0 great sword Azrael gestures at you.
The sphere of damnation explodes!
The damnation engulfs you!
Okay, then.
Unknown command.
Unknown command.
Unknown command.
Okay, then.
You fade into invisibility!
You are very lightly contaminated with residual magic.
Cast which spell? (? or * to list)
Aiming: Freezing Cloud (dangerous; 4% risk of failure)
Press: ? - help, Dir - move target, f - Azrael
Aim: Azrael, wielding a +0 scimitar of flaming (wandering, hasn't noticed you) Unknown command.
Azrael is engulfed in freezing vapours.
Azrael gestures at you.
The sphere of damnation explodes!
The damnation engulfs you!!!
Ouch! That really hurt!
You die...

.# #....# #........# #.. .#
#....# #........# #.. .# #....#
#....###.# #.. .######....#
#....# #.# #.. ...........#
#....# #.#####.. .....°.....##
#....# #........
.......○...°######....# #.)......
###########.§§........# #....<...
....#.....#§§R..@.....# #.......#
....#.....'§§§........# #.?.....#
.∩..#..⌠..§.§#####....# #..."...#
....#....[[..# #....# #.......#
....#...[.#.## #....###..)....#
'''###''[##[# #....)..........
....#.[...#.# #...............
....'.....#.######.....[>.(...(.>
.⌠..'..⌠..#............[.....((.#


You could see Azrael.

Vanquished Creatures
  Jorgrun (Orc:2)
  An orc warlord (Orc:1)
  A deep elf sorcerer (Elf:1)
  A stone giant (Orc:2)
  Snorg (Orc:1)
  2 ettins (Orc:2)
  3 boulder beetles
  A rakshasa (D:15)
  2 catoblepae
  Erolcha (D:10)
  2 vault guards (D:13)
  4 hydras
  2 ironbound frosthearts (IceCv)
  2 centaur warriors (D:13)
  A dancing weapon (Elf:1)
  3 two-headed ogres
  3 death yaks (IceCv)
  Urug (D:13)
  Sonja (Orc:2)
  3 deep elf knights (Elf:1)
  A sea snake (shapeshifter) (D:13)
  An orc knight (Orc:1)
  2 wizards (D:13)
  4 deep elf pyromancers (Elf:1)
  4 deep elf zephyrmancers (Elf:1)
  A phantasmal warrior (D:13)
  An orc sorcerer (Orc:1)
  14 ugly things
  7 cyclopes
  A manticore (D:15)
  4 elephants (Lair:5)
  A black mamba (shapeshifter) (D:14)
  4 black mambas
  A gargoyle (D:12)
  2 unseen horrors
  An unseen horror (shapeshifter) (D:14)
  9 cane toads
  2 kobold demonologists
  A rime drake (shapeshifter) (D:14)
  A demonic crawler (Lair:3)
  6 komodo dragons
  An efreet (D:10)
  4 rime drakes
  2 ice devils (Orc:2)
  10 trolls
  8 polar bears
  2 hornets
  Prince Ribbit (D:9)
  5 slime creatures
  4 dream sheep (Lair:3)
  13 blink frogs
  An air elemental (Elf:1)
  3 shadows
  2 wraiths
  Sigmund (D:5)
  5 wyverns
  3 basilisks
  44 yaks
  5 fire elementals
  3 hogs
  15 humans (D:13)
  2 wargs
  11 vampire mosquitoes
  23 water moccasins
  2 hell hounds (D:13)
  15 orc warriors
  2 sky beasts
  A necrophage (D:7)
  2 black bears
  2 ice beasts (D:8)
  35 wolves
  8 ogres
  10 centaurs
  3 phantoms
  10 bullfrogs
  A gnoll sergeant (D:8)
  A water moccasin zombie (D:6)
  8 scorpions
  An earth elemental (Elf:1)
  6 killer bees (D:10)
  9 wights
  3 howler monkeys
  4 electric eels
  3 centaur zombies
  2 hounds
  A jelly (D:5)
  17 orc priests
  A bullfrog zombie (D:5)
  Ijyb (D:4)
  17 orc wizards
  Natasha (thrice) (D:4)
  2 iguanas
  A killer bee zombie (D:8)
  2 howler monkey zombies
  Robin (D:4)
  8 adders
  7 gnolls
  3 white imps
  An ufetubus (D:5)
  An adder skeleton (D:4)
  A worm (D:2)
  2 dart slugs
  78 orcs
  8 ball pythons
  3 bats
  An endoplasm (D:1)
  5 giant cockroaches
  22 goblins
  13 hobgoblins
  6 jackals
  2 quokkas (D:3)
  4 frilled lizards
  5 kobolds
  3 rats
619 creatures vanquished.

Vanquished Creatures (collateral kills)
  A deep elf death mage (Elf:1)
  An ettin (Orc:2)
  A vault guard (D:13)
  Erica (Orc:1)
  A two-headed ogre (Orc:2)
  A wizard (D:13)
  A necromancer (D:13)
  3 cyclopes
  2 manticores
  2 ugly things (D:14)
  2 elephants (Lair:5)
  4 cane toads
  2 komodo dragons
  3 polar bears (IceCv)
  3 slime creatures (D:12)
  4 blink frogs
  A wyvern (Lair:6)
  14 yaks
  A basilisk (Lair:3)
  A human (D:13)
  A water moccasin (Lair:4)
  2 wargs
  2 orc warriors
  3 wolves
  A centaur (D:10)
  2 bullfrogs
  A scorpion (Lair:4)
  3 gnolls (Orc:1)
  2 orcs
66 creatures vanquished.

Vanquished Creatures (others)
  A wolf (IceCv)
  A bush (Lair:5)
  88 fungi
  64 plants
154 creatures vanquished.

Grand Total: 839 creatures vanquished

Notes
Turn   | Place    | Note
-------+----------+-------------------------------------------
     0 | D:1      | RepoMan the Felid Air Elementalist began the quest for the
                  | Orb.
     0 | D:1      | Reached XP level 1. HP: 7/7 MP: 4/4
   123 | D:1      | Reached skill level 1 in Conjurations
   391 | D:1      | Reached skill level 3 in Air Magic
   410 | D:1      | Reached XP level 2. HP: 11/11 MP: 3/6
   441 | D:1      | Learned a level 2 spell: Static Discharge
  1088 | D:2      | Found a faded altar of an unknown god.
  1153 | D:2      | Found Ataoneowityt's Antique Armour Emporium.
  1186 | D:2      | Reached XP level 3. HP: 12/14 MP: 2/7
  1264 | D:2      | Learned a level 3 spell: Swiftness
  1526 | D:2      | Reached XP level 4. HP: 18/18 MP: 6/8
  2248 | D:3      | Reached skill level 4 in Air Magic
  2769 | D:3      | You fall into a shaft and drop 2 floors!
  2769 | D:5      | Entered Level 5 of the Dungeon
  2785 | D:5      | Noticed a phantom
  2785 | D:5      | Noticed a sky beast
  2999 | D:5      | Learned a level 1 spell: Apportation
  3036 | D:5      | Noticed a scorpion
  3047 | D:4      | Noticed a black bear
  3053 | D:4      | Noticed Ijyb
  3080 | D:4      | Killed a scorpion
  3081 | D:4      | Reached skill level 1 in Evocations
  3081 | D:4      | Reached XP level 5. HP: 13/21 MP: 10/10
  3212 | D:4      | Killed Ijyb
  3575 | D:4      | Killed a black bear
  3576 | D:4      | Gained mutation: You are covered in thick fur. (AC +2)
                  | [Felid growth]
  3576 | D:4      | Reached XP level 6. HP: 5/24 MP: 2/11
  3836 | D:4      | Reached skill level 5 in Air Magic
  4041 | D:4      | Noticed Natasha
  4042 | D:4      | Noticed Robin
  4057 | D:4      | Killed Natasha
  4127 | D:4      | Killed Robin
  4445 | D:4      | Reached XP level 7. HP: 27/27 MP: 13/13
  4447 | D:4      | Found Domiob's Book Shop.
  4849 | D:4      | Noticed Natasha
  4856 | D:4      | Killed Natasha
  4925 | D:4      | Noticed Natasha
  4931 | D:4      | Killed Natasha
  5482 | D:5      | Reached skill level 6 in Air Magic
  5790 | D:5      | Learned a level 4 spell: Airstrike
  5868 | D:5      | Noticed Sigmund
  5874 | D:5      | Killed Sigmund
  5875 | D:5      | Reached XP level 8. HP: 24/31 MP: 10/15
  6815 | D:6      | You fall into a shaft and drop 3 floors!
  6920 | D:9      | Reached skill level 5 in Conjurations
  6920 | D:9      | Reached skill level 7 in Air Magic
  7195 | D:7      | Found a bloodstained altar of Trog.
  7220 | D:6      | Reached skill level 5 in Spellcasting
  7548 | D:6      | Reached XP level 9. HP: 31/34 MP: 17/17
  7622 | D:6      | Noticed a gargoyle
  8469 | D:7      | Reached skill level 8 in Air Magic
  8766 | D:7      | Paralysed by a hornet for 1 turns
  9180 | D:7      | Found a shimmering blue altar of Sif Muna.
  9181 | D:7      | Found an iron altar of Okawaru.
  9181 | D:7      | Found a glowing golden altar of the Shining One.
  9182 | D:7      | Found a burning altar of Makhleb.
  9186 | D:7      | Became a worshipper of Sif Muna the Loreminder
  9589 | D:8      | Learned a level 5 spell: Lightning Bolt
  9782 | D:8      | Learned a level 4 spell: Summon Lightning Spire
  9895 | D:8      | Found a snail-covered altar of Cheibriados.
 10490 | D:8      | Reached XP level 10. HP: 36/37 MP: 20/20
 11160 | D:9      | Reached * piety under Sif Muna
 11161 | D:9      | Reached skill level 1 in Summonings
 11161 | D:9      | Reached skill level 9 in Air Magic
 11381 | D:9      | Found Ykadol's Magic Scroll Boutique.
 11387 | D:9      | Bought a scroll of fog for 32 gold pieces
 11387 | D:9      | Bought a scroll of immolation for 56 gold pieces
 11387 | D:9      | Bought a scroll of noise for 16 gold pieces
 11387 | D:9      | Bought a scroll of identify for 32 gold pieces
 11387 | D:9      | Bought a scroll of identify for 32 gold pieces
 11387 | D:9      | Bought a scroll of identify for 32 gold pieces
 11387 | D:9      | Bought a scroll of identify for 32 gold pieces
 11436 | D:9      | Noticed Prince Ribbit
 11440 | D:9      | Killed Prince Ribbit
 11576 | D:9      | Paralysed by a hornet for 1 turns
 11893 | D:9      | Found a staircase to the Orcish Mines.
 12849 | D:10     | Entered Level 10 of the Dungeon
 12949 | D:10     | Noticed Erolcha
 12953 | D:10     | Killed Erolcha
 13039 | D:10     | Found a shimmering altar of Xom.
 13298 | D:10     | Found Zafier's Magic Scroll Shop.
 13304 | D:10     | Bought a scroll of amnesia for 45 gold pieces
 13320 | D:10     | Found a runed translucent door.
 13335 | D:10     | Noticed a two-headed ogre
 13345 | D:10     | Killed a two-headed ogre
 13346 | D:10     | Reached skill level 10 in Air Magic
 14067 | D:10     | Reached ** piety under Sif Muna
 14068 | D:10     | Reached XP level 11. HP: 24/40 MP: 14/22
 14322 | D:11     | Found a staircase to the Lair.
 14670 | D:11     | Reached skill level 1 in Invocations
 15323 | D:11     | Learned a level 5 spell: Iskenderun's Battlesphere
 16227 | D:12     | Noticed a brown ugly thing
 16271 | Lair:1   | Entered Level 1 of the Lair of Beasts
 16278 | Lair:1   | Reached skill level 10 in Conjurations
 16427 | D:11     | Reached skill level 11 in Air Magic
 17011 | Lair:1   | Reached *** piety under Sif Muna
 17918 | Lair:2   | Gained mutation: Your thick and shaggy fur keeps you warm.
                  | (AC +3, rC+) [Felid growth]
 17918 | Lair:2   | Reached XP level 12. HP: 44/44 MP: 18/25
 19381 | Lair:3   | Reached **** piety under Sif Muna
 19909 | Lair:3   | Reached skill level 12 in Air Magic
 20087 | Lair:3   | Found a staircase to the Swamp.
 20654 | Lair:4   | Reached skill level 5 in Invocations
 21017 | Lair:3   | Mangled by a demonic crawler
 21018 | Lair:3   | Reached XP level 11. HP: -7/40 MP: 0/33
 21442 | Lair:4   | Learned a level 2 spell: Poisonous Vapours
 21531 | Lair:4   | Found a hole to the Spider Nest.
 22425 | Lair:4   | Reached skill level 1 in Fighting
 22429 | Lair:4   | Reached XP level 12. HP: 44/45 MP: 14/26
 22598 | Lair:4   | Found the +8 whip "Snakebite" {venom, curare, rPois}
 23364 | Lair:5   | Noticed a five-headed hydra
 23369 | Lair:5   | Killed a five-headed hydra
 24526 | Lair:5   | Noticed a catoblepas
 24554 | Lair:5   | Killed a catoblepas
 24750 | Lair:6   | Entered Level 6 of the Lair of Beasts
 24750 | Lair:6   | Noticed a seven-headed hydra
 24750 | Lair:6   | Noticed a catoblepas
 24756 | Lair:6   | Killed a seven-headed hydra
 24941 | Lair:6   | Reached ***** piety under Sif Muna
 24952 | Lair:6   | Noticed Kirke
 24966 | Lair:5   | Reached skill level 5 in Dodging
 25141 | Lair:5   | Killed from afar by a lindwurm
 25142 | Lair:5   | Reached XP level 11. HP: -1/45 MP: 0/25
 25192 | Lair:6   | Received a gift from Sif Muna
 25198 | Lair:6   | Killed a catoblepas
 25654 | D:12     | Reached XP level 12. HP: 37/48 MP: 16/26
 25678 | D:12     | Noticed a two-headed ogre
 25688 | D:12     | Killed a two-headed ogre
 25842 | D:12     | Noticed an eight-headed hydra
 25847 | D:12     | Killed an eight-headed hydra
 26393 | D:12     | Noticed a two-headed ogre
 26397 | D:12     | Killed a two-headed ogre
 26759 | D:12     | Found a sacrificial altar of Ru.
 26828 | D:13     | Noticed a centaur warrior
 26836 | D:13     | Noticed a boulder beetle
 26842 | D:13     | Killed a centaur warrior
 26845 | D:13     | Killed a boulder beetle
 27018 | D:13     | Identified 2 scrolls of acquirement
 27018 | D:13     | Acquired the ring of Sihew {rPois rC+ rN+ Str+2 Dex+6}
 27026 | D:13     | Acquired 1063 gold pieces
 27058 | D:13     | Noticed Urug
 27061 | D:13     | Noticed a centaur warrior
 27070 | D:13     | Killed Urug
 27076 | D:13     | Killed a centaur warrior
 27153 | D:13     | Noticed a boulder beetle
 27174 | D:13     | Killed a boulder beetle
 27541 | D:13     | Noticed a vault guard
 27547 | D:13     | Killed a vault guard
 27555 | D:13     | Noticed a vault guard
 27558 | D:13     | Reached XP level 13. HP: 54/54 MP: 5/27
 27984 | D:13     | Reached skill level 10 in Spellcasting
 27991 | D:13     | Learned a level 5 spell: Freezing Cloud
 28307 | D:13     | Noticed Azrael
 28475 | D:13     | Found a gate to the Vaults.
 28849 | D:13     | Reached skill level 5 in Fighting
 29767 | D:14     | Found a broken altar of Ashenzari.
 29970 | D:14     | Reached skill level 13 in Air Magic
 30376 | D:14     | Found a blossoming altar of Fedhas.
 30545 | D:15     | Entered Level 15 of the Dungeon
 31535 | D:15     | Slain by a cyan ugly thing
 31536 | D:15     | Reached XP level 12. HP: -4/51 MP: 0/27
 31552 | D:15     | Noticed Nessos
 31774 | Orc:1    | Entered Level 1 of the Orcish Mines
 31858 | D:9      | Gained mutation: You have a pair of small horns on your
                  | head. [potion of mutation]
 31858 | D:9      | Gained mutation: You possess an exceptional clarity of
                  | mind. [potion of mutation]
 31858 | D:9      | Lost mutation: You possess an exceptional clarity of mind.
                  | [potion of mutation]
 31858 | D:9      | Gained mutation: You are robust. (+10% HP) [potion of
                  | mutation]
 32243 | Orc:1    | Found Cuddune Inom's Overcharged Wands.
 32265 | Orc:1    | Bought a wand of iceblast (25) for 493 gold pieces
 32338 | Orc:1    | Noticed Erica
 32346 | Orc:1    | Killed Erica
 32354 | Orc:1    | Noticed Snorg
 32424 | Orc:1    | Killed Snorg
 32425 | Orc:1    | Reached XP level 13. HP: 60/60 MP: 10/28
 32528 | Orc:1    | Noticed an orc warlord
 32542 | Orc:1    | Killed an orc warlord
 33114 | Orc:2    | Entered Level 2 of the Orcish Mines
 33132 | Orc:2    | Found Uroup's Mass Market.
 33162 | Orc:2    | Found a staircase to the Elven Halls.
 33165 | Orc:2    | Noticed Sonja
 33168 | Orc:2    | Killed Sonja
 33276 | Orc:2    | Found a frozen archway.
 33323 | IceCv    | Entered an ice cave
 33535 | IceCv    | Reached skill level 10 in Invocations
 33699 | IceCv    | Received a gift from Sif Muna
 33700 | IceCv    | Got Sif Muna's Collected Works on Black Magic and the
                  | Snowflakes {god gift}
 34386 | Orc:2    | Found Rualedgheon's Antique Armour Emporium.
 34555 | Orc:2    | Found Fucopixtew's Antique Armour Boutique.
 34555 | Orc:2    | Noticed an ettin
 34590 | Orc:2    | Killed an ettin
 34688 | Orc:2    | Noticed an ettin
 34699 | Orc:2    | Killed an ettin
 34916 | Orc:2    | Noticed an ettin
 34921 | Orc:2    | Killed an ettin
 34988 | Orc:2    | Found Feagetoi's Antique Weapon Emporium.
 35017 | Orc:2    | Noticed a stone giant
 35028 | Orc:2    | Killed a stone giant
 35058 | Orc:2    | Found Gafazem's General Store.
 35075 | Orc:2    | Bought a scroll of identify for 28 gold pieces
 35144 | Orc:2    | Found Worhah's Jewellery Emporium.
 35160 | Orc:2    | Noticed Jorgrun
 35173 | Orc:2    | Killed Jorgrun
 35174 | Orc:2    | Reached XP level 14. HP: 66/66 MP: 11/30
 35307 | Orc:1    | Bought a wand of charming (25) for 459 gold pieces
 35309 | Orc:1    | Bought a wand of mindburst (40) for 748 gold pieces
 35356 | Elf:1    | Entered Level 1 of the Elven Halls
 35702 | Elf:1    | Paralysed by an air elemental for 1 turns
 36088 | Elf:1    | Received a gift from Sif Muna
 36089 | Elf:1    | Got Sif Muna's Collected Works on Mutagenic Calling {god
                  | gift}
 36124 | Elf:1    | Noticed a deep elf sorcerer
 36129 | Elf:1    | Killed from afar by a deep elf sorcerer
 36130 | Elf:1    | Reached XP level 13. HP: -8/62 MP: 18/29
 36215 | Elf:1    | Killed a deep elf sorcerer
 36553 | D:10     | Reached skill level 5 in Stealth
 36684 | D:13     | Killed from afar by Azrael

Illustrated notes

Levels and vault maps discovered:
D:1:      minmay_arrival_glassed_features, layout_loops_cross
D:2:      layout_basic, shapermc_ecumenical_altar_petra, serial_shops, shop,
          kennysheep_generic_room_3
D:3:      layout_loops_ring, corner_web_ring
D:4:      cheibrodos_greedy_goblins, layout_rooms, portal_sewer_entry_d,
          serial_shops, nicolae_shop_crystal, uniq_robin, uniq_natasha,
          uniq_ijyb
D:5:      layout_basic, enter_ossuary_3, uniq_sigmund
D:6:      layout_loops_ring, minmay_temple_entry_butterflies,
          amcnicky_mini_pool_medium
D:7:      layout_cave_pods, grunt_temple_overflow_open
D:8:      layout_basic, kennysheep_slug_shrine, serial_ice, serial_ice_c,
          serial_ice_f, serial_ice_k, serial_ice_h
D:9:      layout_layer_cave, erik_orc_2, serial_shops, shop, minmay_door_square,
          uniq_prince_ribbit1
D:10:     layout_roguey, lemuel_crystal_altar, serial_shops,
          nicolae_shop_crystal, grunt_ministairs_3, minmay_st_funbox,
          uniq_erolcha
D:11:     layout_roguey, minmay_lair_entry_grove
D:12:     layout_roguey, nicolae_ru_path_of_blood
D:13:     layout_small_grid, grunt_vaults_entry_tiered,
          hellmonk_guarded_unrand_seven_league_boots, uniq_urug, uniq_azrael
D:14:     layout_roguey, nicolae_ashenzari_skybound, fedhas_altar_4
D:15:     gammafunk_enter_depths_forms, layout_basic, roderic_roman_lattice,
          uniq_nessos
Lair:1:   layout_cave_pods, beast_lair_carwin_11
Lair:2:   layout_misc_corridors
Lair:3:   layout_long_grid, swamp_mist, beast_lair_carwin_7,
          lemuel_fruit_fields, serial_bayou_shore_a
Lair:4:   minmay_guarded_unrand_snakebite, layout_cave_pods,
          nicolae_spider_entry_non_spiders, minivault_11
Lair:5:   layout_layer_cave
Lair:6:   hangedman_lair_tendril_chambers, layout_regular_city, wormcave,
          dpeg_slime_entry_enclosed_altar, st_stairs_9,
          chequers_serial_rivers_micro_e, uniq_kirke
Orc:1:    layout_caves, nicolae_orc_bridge_out, nicolae_shop_overcharged_wands,
          uniq_erica, uniq_snorg
Orc:2:    grunt_orc_gardens, layout_caves, grunt_orc_garden, grunt_orc_garden,
          grunt_orc_garden, grunt_orc_garden, serial_shops, shop,
          portal_ice_cave_demonic_guard, minmay_shop_mass,
          statue_in_the_mist_lemuel, uniq_sonja, uniq_jorgrun
Elf:1:    eino_elf_arrival_shootout, layout_loops_corners,
          minmay_elf_annihilation, st_stairs_2

Skill      XL: |  1  2  3  4  5  6  7  8  9 10 11 12 13 14 |
---------------+-------------------------------------------+-----
Conjurations   | 1 2 3 4 5 7 9 10 12 | 12.8
Air Magic      | 3 4 5 6 7 8 10 11 12 13 | 13.7
Spellcasting   | 3 4 5 6 7 9 11 | 11.5
Evocations     | 1 2 3 4 |  4.5
Summonings     | 2 |  2.0
Invocations    | 6 9 10 | 10.4
Dodging        | 3 8 9 |  9.6
Fighting       | 1 4 6 7 |  7.0
Stealth        | 5 |  5.0

Action                   |  1- 3 |  4- 6 |  7- 9 | 10-12 | 13-15 || total
-------------------------+-------+-------+-------+-------+-------++-------
Melee: Unarmed           |    14 |    32 |     5 |    12 |     8 ||    71
       Bite              |       |     3 |       |       |     1 ||     4
 Cast: Shock             |    31 |   108 |   267 |   512 |   326 ||  1244
       Static Discharge  |       |    14 |    49 |   113 |    38 ||   214
       Airstrike         |       |       |    12 |    66 |    32 ||   110
       Lightning Bolt    |       |       |     2 |    30 |    11 ||    43
       Iskenderun's Batt |       |       |       |    92 |    82 ||   174
       Summon Lightning  |       |       |       |    60 |    35 ||    95
       Apportation       |       |       |       |     2 |     9 ||    11
       Swiftness         |       |       |       |     2 |     2 ||     4
       Poisonous Vapours |       |       |       |     9 |    13 ||    22
       Freezing Cloud    |       |       |       |     3 |    38 ||    41
       Invisibility      |       |       |       |       |     1 ||     1
       Polar Vortex      |       |       |       |       |     1 ||     1
Invok: Divine Exegesis   |       |       |       |       |     2 ||     2
Evoke: Wand              |       |    11 |    17 |    38 |    18 ||    84
  Use: Scroll            |       |     2 |     3 |    26 |     7 ||    38
       Potion            |       |       |     1 |    17 |     9 ||    27
 Stab: Sleeping          |     2 |     2 |     1 |       |     1 ||     6
       Paralysed         |       |    16 |       |       |     3 ||    19
       Distracted        |       |       |     1 |       |       ||     1
Armor: Skin              |     1 |     2 |     4 |    22 |     3 ||    32
Dodge: Dodged            |    15 |    59 |    56 |   256 |    59 ||   445
